 Dungeon Crawl Stone Soup version 0.28-a0-1616-g050a50673c (webtiles) character file.

Game seed: 8218345793488375031

21 fragbeetle the Chiller (level 2, -4/21 HPs)
             Began as a Merfolk Ice Elementalist on Jan 23, 2022.
             Slain by a worm (7 damage)
             ... on level 2 of the Dungeon.
             The game lasted 00:02:32 (1451 turns).

fragbeetle the Chiller (Merfolk Ice Elementalist)   Turns: 1451, Time: 00:02:33

Health: -4/21      AC:  7    Str:  8    XL:     2   Next: 87%
Magic:  0/5        EV: 10    Int: 14    God:
Gold:   13         SH:  0    Dex: 14    Spells: 4/5 levels left

rFire   . . .      SeeInvis .   b - +0 mace
rCold   . . .      Faith    .   (no shield)
rNeg    + . .      Spirit   .   d - +2 ring mail {rN+}
rPois   .          Reflect  .   (no helmet)
rElec   .          Harm     .   (no cloak)
rCorr   .          Rampage  .   (no gloves)
Will    .....                   (no boots)
Stlth   +.........              (no amulet)
HPRegen 0.07/turn               (no ring)
MPRegen 0.09/turn               (no ring)

@: no status effects
A: (nimble swimmer 2), mertail
a: no special abilities


You were on level 2 of the Dungeon.
You visited 1 branch of the dungeon, and saw 2 of its levels.

You collected 39 gold pieces.
You spent 26 gold pieces at shops.

Inventory:

Hand Weapons
 b - a +0 mace (weapon)
Missiles
 e - 3 poisoned darts
Armour
 a - a +0 robe
 d - a +2 ring mail of positive energy (worn)
Scrolls
 c - a scroll of identify
 f - a scroll of teleportation {unknown}


   Skills:
 + Level 1.0 Fighting
 + Level 3.1 Dodging
 + Level 2.5 Stealth
 - Level 2.0 Spellcasting
 * Level 4.8 Ice Magic


You had 4 spell levels left.
You knew the following spells:

 Your Spells              Type           Power      Damage    Failure   Level
a - Freeze                Ice            56%        1d7       11%         1

Your spell library contained the following spells:

 Spells                   Type           Power      Damage    Failure   Level
 Frozen Ramparts          Ice            28%        1d4       30%         3
 Ozocubu's Armour         Ice            14%        N/A       30%         3
 Hailstorm                Conj/Ice       8%         3d4       95%         4


Dungeon Overview and Level Annotations

Branches:
Dungeon (2/15)

Altars:
Hepliaklqana

Shops:
D:1 ?((


Innate Abilities, Weirdness & Mutations

((You are very nimble when in or above water. (Stealth+, EV+, Speed+++)))
Your lower body shifts to a powerful aquatic tail in water.


Message History

HP restored.
f - a scroll labelled RINIMP VAIRR Done exploring.
(D) Dungeon
Where to? (Enter - D:1 @ (x,y), ? - help)
What level of the Dungeon? (default 1, ? - help)
You open the door.
There is an open door here.
There is a stone staircase leading down here.
You climb downwards.
There is a stone staircase leading up here.
A worm comes into view.
The worm bites you.
You freeze the worm.
The worm is lightly wounded.
You freeze the worm.
The worm is moderately wounded.
The worm barely misses you.
You freeze the worm.
The worm is heavily wounded.
You freeze the worm.
The worm is heavily wounded.
The worm barely misses you.
You freeze the worm.
The worm is severely wounded.
The worm bites you.
You are too depleted to draw on your mana recklessly!
You barely miss the worm.
The worm is severely wounded.
You hit the worm.
The worm is severely wounded.
The worm bites you.
You hit the worm.
The worm is almost dead.
The worm bites you.
* * * LOW HITPOINT WARNING * * *
You hit the worm.
The worm is almost dead.
The worm bites you!
You die...

###
..#
#.#
#.#
#w#
#@#
#.#
#.#
#.#
#.#
#.#
#.#
#.#
#.####


You could see a worm.

Vanquished Creatures
  A bat (D:1)
  2 endoplasms (D:1)
  A goblin (D:1)
  5 hobgoblins (D:1)
  A kobold (D:1)
  2 quokkas (D:1)
  3 ball pythons (D:1)
  A frilled lizard (D:1)
  2 rats (D:1)
18 creatures vanquished.

Vanquished Creatures (others)
  3 fungi (D:2)
  A plant (D:2)
4 creatures vanquished.

Grand Total: 22 creatures vanquished

Notes
Turn   | Place    | Note
-------+----------+-------------------------------------------
     0 | D:1      | fragbeetle the Merfolk Ice Elementalist began the quest for
                  | the Orb.
     0 | D:1      | Reached XP level 1. HP: 13/13 MP: 3/3
    16 | D:1      | Found a hazy altar of Hepliaklqana.
   137 | D:1      | Reached XP level 2. HP: 20/20 MP: 1/5
   211 | D:1      | Found Roilak's Magic Scroll Shoppe.
   526 | D:1      | Bought a scroll of identify for 26 gold pieces
   563 | D:1      | Found Xoducs's Antique Weapon Shoppe.
   824 | D:1      | Found Negrobb's Antique Weapon Emporium.
  1281 | D:1      | Reached skill level 1 in Fighting
  1451 | D:2      | Slain by a worm

Illustrated notes

Levels and vault maps discovered:
D:1:      dpeg_arrival_water_altar, layout_rooms, serial_shops,
          nicolae_shop_hallway_plus, nicolae_shop_hallway_stairs,
          nicolae_diamond_shop, st_stairs_12
D:2:      layout_loops_ring, shapermc_ecumenical_altar_hornbeckon, basic_altar,
          minmay_splitting_lines

Skill      XL: |  1  2 |
---------------+-------+-----
Dodging        | 3 |  3.1
Fighting       | 1 |  1.0
Stealth        | |  2.5
Spellcasting   | |  2.0
Ice Magic      | |  4.8

Action                   || total
-------------------------++-------
Melee: Mace              ||    54
 Cast: Freeze            ||    19
 Stab: Sleeping          ||     3
Armor: Robe              ||     3
       Ring mail         ||    16
Dodge: Dodged            ||    44

Table legend: (Time is in decaauts)
 A = Elapsed time spent in this place.
 B = Non-inter-level travel time spent in this place.
 C = Inter-level travel time spent in this place.
 D = Time resting spent in this place.
 E = Time spent auto-exploring this place.
 F = Levels seen in this place.
 G = Mean time per level.
                   A        B        C        D        E       F      G
               +--------+--------+--------+--------+--------+-----+--------+
         Total |   1465 |   1425 |     40 |    773 |    388 |   2 |  732.5 |
       Dungeon |   1465 |   1425 |     40 |    773 |    388 |   2 |  732.5 |
               +--------+--------+--------+--------+--------+-----+--------+

Top non-repeatable levels by time:
     D:1: 1430 daAuts
     D:2: 34 daAuts
